 Dungeon Crawl Stone Soup version 0.29-a0-1023-g6ae1a4a2c7 (webtiles) character file.

Game seed: 15121448568969483372

8410 Newt the Prestidigitator (level 11, -10/87 HPs)
             Began as a Purple Draconian Artificer on Aug 11, 2022.
             Was an Elder of Hepliaklqana.
             Killed from afar by a molten gargoyle (38 damage)
             ... with a bolt of magma
             ... on level 10 of the Dungeon.
             The game lasted 00:20:30 (10828 turns).

Newt the Prestidigitator (DrAr)                    Turns: 10828, Time: 00:20:31

Health: -10/87     AC: 11    Str: 18    XL:     11   Next: 9%
Magic:  11/11      EV: 16    Int: 11    God:    Hepliaklqana [****..]
Gold:   551        SH: 12    Dex: 13    Spells: 10/10 levels left

rFire   . . .      SeeInvis .   p - +3 club (spect)
rCold   . . .      Faith    .   B - +3 kite shield
rNeg    . . .      Spirit   .   (body armour unavailable)
rPois   .          Reflect  .   (helmet restricted)
rElec   .          Harm     .   (no cloak)
rCorr   .          Rampage  .   (no gloves)
Will    +....                   (no boots)
Stlth   ++........              F - amulet of the acrobat
HPRegen 0.24/turn               w - +4 ring of protection
MPRegen 0.12/turn               i - +4 ring of evasion

@: studying Evocations
A: reduced essence, breathe power, AC +7, unfitting armour, cold-blooded,
antennae 1, talons 1
a: Breathe Dispelling Energy, Renounce Religion, Recall Ancestor, Ancestor
Identity, Transference, Idealise


You were on level 10 of the Dungeon.
You worshipped Hepliaklqana.
Hepliaklqana was greatly pleased with you.
You visited 1 branch of the dungeon, and saw 10 of its levels.

You collected 551 gold pieces.

Inventory:

Hand Weapons
 a - a +0 spectral club
 g - a +1 whip of holy wrath
 p - a +3 spectral club (weapon)
Missiles
 z - 3 throwing nets
Armour
 B - a +3 kite shield (worn)
Jewellery
 e - a ring of flight
 i - a +4 ring of evasion (right hand)
 k - a ring of protection from fire
 l - a ring of willpower
 q - a ring of fire
 w - a +4 ring of protection (left hand)
 F - an amulet of the acrobat (around neck)
Wands
 c - a wand of charming (15)
 t - a wand of paralysis (8)
 y - a wand of roots (12)
 A - a wand of acid (3)
Scrolls
 b - a scroll of teleportation
 d - a scroll of identify
 m - 2 scrolls of torment
 r - 2 scrolls of blinking
 u - 2 scrolls of fear
Potions
 f - 5 potions of haste
 h - 5 potions of might
 j - a potion of degeneration
 n - 6 potions of heal wounds
 o - 4 potions of curing
 s - 2 potions of lignification
 v - a potion of resistance {unknown}
 x - a potion of cancellation {unknown}
 C - 2 potions of flight {unknown}
 D - a potion of attraction {unknown}
 E - a potion of mutation
 G - a potion of magic {unknown}
 H - a potion of ambrosia {unknown}


   Skills:
 - Level 9.1 Fighting
 + Level 10.1 Maces & Flails
 - Level 6.1 Dodging
 - Level 0.8 Stealth
 + Level 4.0 Shields
 - Level 13.0 Evocations


You had 10 spell levels left.
You didn't know any spells.
Your spell library contained the following spells:

 Spells                   Type           Power      Damage    Failure   Level
 Sandblast                Erth           0%         2d4       71%         1
 Slow                     Hex            0%         N/A       71%         1
 Confusing Touch          Hex            0%         N/A       97%         3
 Dazzling Flash           Conj/Hex       0%         N/A       97%         3
 Inner Flame              Hex/Fire       0%         N/A       97%         3
 Vampiric Draining        Necr           0%         2d6       97%         3
 Anguish                  Hex/Necr       0%         N/A       100%        4
 Cause Fear               Hex            0%         N/A       100%        4
 Summon Ice Beast         Ice/Summ       0%         N/A       100%        4
 Agony                    Necr           0%         N/A       100%        5
 Silence                  Hex/Air        0%         N/A       100%        5
 Summon Mana Viper        Hex/Summ       0%         N/A       100%        5
 Enfeeble                 Hex            0%         N/A       100%        7
 Monstrous Menagerie      Summ           0%         N/A       100%        7
 Lehudib's Crystal Spear  Conj/Erth      0%         10d2      100%        8


Dungeon Overview and Level Annotations

Branches:
Dungeon (10/15)            Temple (0/1) D:6            Lair (0/5) D:10
    Orc: D:9-12

Altars:
Dithmenos
Hepliaklqana
Nemelex Xobeh
Ru
Zin
The Shining One

Shops:
D:7 *

Annotations:
D:6 2 transporters


Innate Abilities, Weirdness & Mutations

Your life essence is reduced to manifest your ancestor. (-10% HP)
You can breathe bolts of dispelling energy.
Your rich purple scales are hard. (AC +7)
You cannot fit into any form of body armour.
You are cold-blooded and may be slowed by cold attacks.
You have a pair of small antennae on your head.
You have sharp toenails.


Message History

You hit the molten gargoyle but do no damage.
You claw the molten gargoyle, but do no damage.
The molten gargoyle is moderately damaged.
The molten gargoyle closely misses you.
You hit the molten gargoyle but do no damage.
Your kick misses the molten gargoyle.
You tail-slap the molten gargoyle, but do no damage.
The molten gargoyle is moderately damaged.
You block the molten gargoyle's attack.
You hit the molten gargoyle but do no damage.
Your kick misses the molten gargoyle.
The molten gargoyle is moderately damaged.
The molten gargoyle hits you but does no damage.
Unknown command.
You hit the molten gargoyle but do no damage.
The molten gargoyle is moderately damaged.
The molten gargoyle blasts magma at you!
The bolt of magma hits you!!
Unknown command.
You hit the molten gargoyle but do no damage.
You tail-slap the molten gargoyle, but do no damage.
The molten gargoyle is moderately damaged.
You block the molten gargoyle's attack.
You barely miss the molten gargoyle.
You tail-slap the molten gargoyle, but do no damage.
The molten gargoyle is moderately damaged.
You block the molten gargoyle's attack.
You hit the molten gargoyle. Your kick misses the molten gargoyle.
The molten gargoyle is moderately damaged.
The molten gargoyle hits you with a +0 mace!
You are engulfed in flames!
Aiming: Corrosive Bolt
Press: ? - help, Q - select action, (/) - cycle Shift-Dir - straight line, f - molten gargoyle
Aim: a molten gargoyle, wielding a +0 mace (moderately damaged, 85% to hit)
The bolt of acid hits the molten gargoyle.
The acid corrodes the molten gargoyle!
The molten gargoyle is heavily damaged.
The molten gargoyle blasts magma at you!
The bolt of magma hits you!!!
You die...

...#..≈§≈≈≈≈^#...
.......#§§≈≈≈≈§≈.#...
#...>..#.§§§88≈≈.#....
#.......#.≈≈88≈≈9.#..
#......#.≈≈≈≈§≈≈9#...
#...##..#.≈≈§≈≈≈§.##
....# ##...≈....§#.# #
....# #.#.#.#.#.#9# ..#
....# ##.#.#.#.#@#{...#
#...# #)..)...........#
#..####.)...............
#...>..))...............
...####).........)......
#### #...............##
+...........?...#
#...............#
#...............#


You could see a molten gargoyle (corroded).

Vanquished Creatures
  A manticore (D:6)
  2 molten gargoyles (D:10)
  Grinder (D:3)
  A shadow (D:9)
  A wraith (D:9)
  A wyvern (D:9)
  Eustachio (D:4)
  6 vampire mosquitoes (D:9)
  A warg (D:10)
  A water moccasin (D:5)
  2 black bears
  2 ice beasts
  2 orc warriors (D:7)
  An ogre (D:5)
  A phantom (D:6)
  A centaur (D:8)
  2 kobold brigands
  4 scorpions
  5 bullfrogs
  3 gnoll sergeants
  6 wights
  Dowan (D:7)
  13 killer bees
  6 electric eels (D:6)
  A howler monkey (D:5)
  3 orc priests
  2 hounds
  2 jellies
  Jessica (D:2)
  3 iguanas
  Ijyb (D:3)
  A hexer (D:8)
  4 orc wizards
  12 gnolls
  10 adders
  A white imp (D:8)
  An ufetubus (D:5)
  A worm (D:2)
  2 dart slugs
  32 orcs
  3 bats
  6 endoplasms
  3 giant cockroaches
  8 goblins
  7 hobgoblins
  7 jackals
  3 quokkas
  6 ball pythons
  5 frilled lizards
  A goblin skeleton (D:8)
  A goblin zombie (D:8)
  2 hobgoblin zombies (D:8)
  12 kobolds
  An orc skeleton (D:8)
  An orc zombie (D:8)
  2 rats (D:2)
210 creatures vanquished.

Vanquished Creatures (collateral kills)
  A two-headed ogre (D:8)
  Psyche (D:9)
  A vampire mosquito (D:9)
  2 wargs (D:10)
  Duvessa (D:7)
  An orc warrior (D:9)
  2 sky beasts (D:7)
  4 wights
  A killer bee (D:10)
  2 orc priests
  An iguana (D:5)
  4 orc wizards
  The ghost of flotson the Sneak, a weakling DsDe (D:4)
  A dart slug (D:4)
  5 orcs
  A kobold (D:10)
  A kobold skeleton (D:8)
  An orc zombie (D:8)
31 creatures vanquished.

Vanquished Creatures (others)
  4 hexers
  10 fungi (D:4)
  15 plants
29 creatures vanquished.

Grand Total: 270 creatures vanquished

Notes
Turn   | Place    | Note
-------+----------+-------------------------------------------
     0 | D:1      | Newt the Draconian Artificer began the quest for the Orb.
     0 | D:1      | Reached XP level 1. HP: 16/16 MP: 1/1
   231 | D:1      | Reached XP level 2. HP: 6/23 MP: 2/2
   465 | D:1      | Found a faded altar of an unknown god.
   708 | D:1      | Reached skill level 4 in Evocations
  1513 | D:2      | Reached skill level 1 in Maces & Flails
  1513 | D:2      | Reached XP level 3. HP: 16/28 MP: 3/3
  2192 | D:2      | Reached XP level 4. HP: 25/35 MP: 4/4
  2766 | D:2      | Identified the +1 robe "Nasyc" {rC+ rN++}
  2814 | D:2      | Noticed Jessica
  2823 | D:2      | Killed Jessica
  3153 | D:3      | Found a hazy altar of Hepliaklqana.
  3187 | D:3      | Became a worshipper of Hepliaklqana the Forgotten
  3188 | D:3      | Identified a scroll of acquirement
  3188 | D:3      | Acquired a manual of Evocations
  3193 | D:3      | Gained mutation: You have a pair of small antennae on your
                  | head. [potion of mutation]
  3193 | D:3      | Gained mutation: You have sharp toenails. [potion of
                  | mutation]
  3213 | D:3      | Noticed Grinder
  3219 | D:3      | Paralysed by Grinder for 2 turns
  3222 | D:3      | Killed Grinder
  3223 | D:3      | Reached skill level 5 in Evocations
  3223 | D:3      | Reached XP level 5. HP: 40/40 MP: 5/5
  3223 | D:3      | Reached XP level 6. HP: 47/47 MP: 6/6
  3237 | D:3      | Noticed Ijyb
  3256 | D:3      | Killed Ijyb
  3257 | D:3      | Reached skill level 6 in Evocations
  3368 | D:3      | Found a sparkling altar of Nemelex Xobeh.
  3639 | D:3      | Reached * piety under Hepliaklqana
  3905 | D:4      | Reached skill level 5 in Maces & Flails
  4066 | D:4      | Reached skill level 7 in Evocations
  4066 | D:4      | Your scales start taking on a rich purple colour.
  4066 | D:4      | Reached XP level 7. HP: 44/46 MP: 7/7
  4088 | D:4      | Reached skill level 8 in Evocations
  4222 | D:4      | Noticed Eustachio
  4231 | D:4      | Killed Eustachio
  4232 | D:4      | Reached skill level 9 in Evocations
  4527 | D:4      | Found a runed translucent gate.
  4527 | D:4      | Found a runed translucent gate.
  4527 | D:4      | Found a runed translucent gate.
  4528 | D:4      | Noticed flotson's ghost (weakling DsDe)
  4549 | D:4      | Reached ** piety under Hepliaklqana
  4550 | D:4      | Remembered your ancestor Belessunu as a hexer
  4563 | D:4      | Killed flotson's ghost
  4961 | D:5      | Entered Level 5 of the Dungeon
  4997 | D:5      | Reached XP level 8. HP: 56/56 MP: 8/8
  5168 | D:5      | Reached skill level 10 in Evocations
  5178 | D:5      | Reached skill level 5 in Fighting
  5856 | D:6      | Found a staircase to the Ecumenical Temple.
  5936 | D:6      | Reached skill level 11 in Evocations
  6358 | D:6      | Found a transporter.
  6358 | D:6      | Found a transporter.
  6370 | D:6      | Identified the +5 kite shield of Duty {Regen+ Str+4}
  6553 | D:6      | Noticed a manticore
  6560 | D:6      | Killed a manticore
  6561 | D:6      | Reached XP level 9. HP: 53/72 MP: 9/9
  6884 | D:6      | Reached skill level 12 in Evocations
  6915 | D:6      | Got the Catalogue of Charming Minerals
  7590 | D:7      | Reached skill level 13 in Evocations
  7659 | D:7      | Reached *** piety under Hepliaklqana
  7736 | D:7      | Noticed Duvessa
  7736 | D:7      | Noticed Dowan
  7742 | D:7      | Killed Duvessa
  7751 | D:7      | Killed Dowan
  7847 | D:7      | Found Jany's Neck Hole.
  7902 | D:7      | Found a shadowy altar of Dithmenos.
  7932 | D:7      | Found a glowing silver altar of Zin.
  8239 | D:8      | Reached XP level 10. HP: 80/81 MP: 10/10
  8243 | D:8      | Noticed a two-headed ogre
  8248 | D:8      | Killed a two-headed ogre
  8403 | D:8      | Found a glowing golden altar of the Shining One.
  9410 | D:9      | Reached skill level 5 in Dodging
  9967 | D:9      | Reached **** piety under Hepliaklqana
 10000 | D:9      | Reached skill level 1 in Shields
 10156 | D:9      | Noticed Psyche
 10163 | D:9      | Killed Psyche
 10333 | D:10     | Entered Level 10 of the Dungeon
 10485 | D:10     | Found a sacrificial altar of Ru.
 10568 | D:10     | Found a staircase to the Lair.
 10693 | D:10     | Noticed a molten gargoyle
 10698 | D:10     | Killed a molten gargoyle
 10699 | D:10     | Reached XP level 11. HP: 75/87 MP: 11/11
 10703 | D:10     | Reached skill level 10 in Maces & Flails
 10828 | D:10     | Killed from afar by a molten gargoyle

Illustrated notes

Levels and vault maps discovered:
D:1:      erik_arrival_orb_chamber, layout_basic,
          hellmonk_ecumenical_altar_blasted
D:2:      layout_rooms, serial_forest, infiniplex_forest_clump_C,
          infiniplex_forest_clump_curved, infiniplex_forest_lined_room_,
          infiniplex_forest_straight_3, infiniplex_forest_fountain,
          infiniplex_forest_clump_double, infiniplex_forest_straight_2,
          infiniplex_forest_end_1, infiniplex_forest_clump_double, uniq_jessica
D:3:      layout_loops_ring, mainiacjoe_overflow_concentric_impassable,
          mainiacjoe_overflow_six_doors_small, kennysheep_flooded_box,
          uniq_grinder, uniq_ijyb
D:4:      layout_basic, gammafunk_ghost_split, serial_bayou_pond_a,
          dreamdust_mushroom_princess, uniq_eustachio
D:5:      layout_loops_cross, grunt_ministairs_3
D:6:      cheibrodos_two_vegetables, layout_loops_ring,
          minmay_temple_entry_statues_fountains, gammafunk_ghost_gnarly_gnolls
D:7:      layout_cave_pools, kennysheep_little_box, old_standard_altar,
          serial_park, serial_park_square1 [serial_park_minivault_5x5_2],
          serial_park_tiny_2, serial_park_tiny_pond,
          nicolae_shop_sticking_my_neck_out, uniq_duvessa
D:8:      layout_loops_cross, nicolae_tso_besieged_by_evil
D:9:      layout_long_grid, kennysheep_generic_room_12, uniq_psyche
D:10:     minmay_octagon_keep, layout_basic, mainiacjoe_overflow_tiny_flanked,
          erik_lair_orcish_takeover, erik_orc_1, serial_curves, eino_curves_02,
          eino_curves_04, minivault_8

Skill      XL: |  1  2  3  4  5  6  7  8  9 10 11 |
---------------+----------------------------------+-----
Evocations     | 4 5 7 9 11 13 | 13.0
Maces & Flails | 1 2 4 5 6 7 9 10 | 10.1
Fighting       | 3 7 9 |  9.1
Dodging        | 3 6 |  6.1
Shields        | 3 4 |  4.0
Stealth        | |  0.8

Action                   |  1- 3 |  4- 6 |  7- 9 | 10-12 || total
-------------------------+-------+-------+-------+-------++-------
Melee: Club              |    23 |    37 |   222 |   137 ||   419
       Tailslap          |    18 |    16 |    34 |    31 ||    99
       Whip              |    87 |    97 |       |     8 ||   192
       Punch             |     2 |     1 |       |       ||     3
       Kick              |       |    22 |    61 |    53 ||   136
Invok: Ancestor Life: He |       |       |     1 |       ||     1
 Abil: Breathe Dispellin |       |       |     2 |     2 ||     4
Evoke: Wand              |     6 |     8 |    17 |     8 ||    39
  Use: Scroll            |     3 |     5 |    10 |     7 ||    25
       Potion            |       |     1 |       |       ||     1
 Stab: Sleeping          |     1 |     5 |     2 |       ||     8
       Distracted        |       |       |     3 |     2 ||     5
       Confused          |       |       |     6 |     1 ||     7
Armor: Skin              |    34 |    23 |    40 |    29 ||   126
Dodge: Dodged            |    84 |    94 |   118 |   106 ||   402
Block: Kite shield       |       |       |    30 |    75 ||   105

Table legend: (Time is in decaauts)
 A = Elapsed time spent in this place.
 B = Non-inter-level travel time spent in this place.
 C = Inter-level travel time spent in this place.
 D = Time resting spent in this place.
 E = Time spent auto-exploring this place.
 F = Levels seen in this place.
 G = Mean time per level.
                   A        B        C        D        E       F      G
               +--------+--------+--------+--------+--------+-----+--------+
         Total |  10890 |  10644 |    246 |   1570 |   7532 |  10 | 1089.0 |
       Dungeon |  10890 |  10644 |    246 |   1570 |   7532 |  10 | 1089.0 |
               +--------+--------+--------+--------+--------+-----+--------+

Top non-repeatable levels by time:
     D:1: 1520 daAuts
     D:6: 1433 daAuts
     D:2: 1414 daAuts
     D:7: 1152 daAuts
     D:4: 1064 daAuts
     D:9: 1048 daAuts
     D:3: 974 daAuts
     D:8: 905 daAuts
     D:5: 881 daAuts
    D:10: 495 daAuts
